 Dungeon Crawl Stone Soup version 0.31-a0-1134-gb247575874 (webtiles) character file.

Game seed: 12599461869417415795

576 Crownlay the Chopper (level 7, -14/62 HPs)
             Began as a Minotaur Fighter on Dec 5, 2023.
             Was an Initiate of Okawaru.
             Demolished by an ogre
             ... wielding a +0 giant spiked club
              (25 damage)
             ... on level 5 of the Dungeon.
             The game lasted 00:08:34 (3247 turns).

Crownlay the Chopper (Minotaur Fighter)             Turns: 3247, Time: 00:08:35

Health: -14/62     AC: 11    Str: 30    XL:     7   Next: 12%
Magic:  7/7        EV: 10    Int:  3    God:    Okawaru [......]
Gold:   182        SH:  4    Dex:  8    Spells: 6/6 levels left

rFire   + . .        a - +0 war axe
rCold   + . .        c - +0 buckler
rNeg    . . .        b - +0 scale mail
rPois   +            (helmet unavailable)
rElec   +            d - +2 cloak {rCorr}
rCorr   +            m - +0 pair of gloves
SInv    .            (no boots)
Will    .....        (no amulet) Stlth
                     (no ring)
HPRegen 0.30/turn    (no ring)
MPRegen 0.10/turn

%: no passive effects
@: resistant, on berserk cooldown, slowed, very slow
A: horns 3, retaliatory headbutt, strong 2
a: Renounce Religion


You were on level 5 of the Dungeon.
You worshipped Okawaru.
Okawaru was noncommittal.
You visited 2 branches of the dungeon, and saw 6 of its levels.

You collected 182 gold pieces.

Inventory:

Hand Weapons
 a - a +0 war axe (weapon)
Missiles
 k - 5 boomerangs
 l - 12 poisoned darts (quivered)
Armour
 b - a +0 scale mail (worn)
 c - a +0 buckler (worn)
 d - a +2 cloak of preservation (worn)
 m - a +0 pair of gloves (worn)
Jewellery
 u - a ring of wizardry
Scrolls
 f - 4 scrolls of teleportation {unknown}
 g - 2 scrolls of immolation {unknown}
 h - a scroll of identify {unknown}
 j - a scroll of acquirement {unknown}
 n - a scroll of vulnerability {unknown}
 q - a scroll of summoning {unknown}
 r - a scroll of enchant weapon {unknown}
 s - a scroll of blinking {unknown}
 w - a scroll of fog {unknown}
Potions
 e - a potion of ambrosia
 p - a potion of resistance
 t - a potion of brilliance {unknown}
 v - a potion of attraction {unknown}


   Skills:
 + Level 5.6 Fighting
 * Level 6.7 Axes
 - Level 3.6 Armour
 + Level 5.6 Shields
 + Level 1.6 Invocations


You had 6 spell levels left.
You didn't know any spells.
Your spell library was empty.

Dungeon Overview and Level Annotations

Branches:
Dungeon (5/15)             Temple (1/1) D:4

Altars:
Ashenzari
Cheibriados
Dithmenos
Elyvilon
Fedhas
Hepliaklqana
Kikubaaqudgha
Makhleb
Nemelex Xobeh
Okawaru
Qazlal
Ru
Sif Muna
Trog
Vehumet
Wu Jian
Xom
Yredelemnul
Zin
The Shining One


Innate Abilities, Weirdness & Mutations

You have a pair of large horns on your head.
You reflexively headbutt those who attack you in melee.
Your muscles are very strong. (Str +8, Int/Dex -2)


Message History

The killer bee closely misses you.
You barely miss the killer bee.
The killer bee is heavily wounded.
You feel sick.
The killer bee stings you but does no damage.
You bump into the rock wall.
You feel sick. The killer bee misses you. The killer bee barely misses you.
You feel a strong urge to attack something.
You feel sick.
The killer bee attacks as it pursues you!
The killer bee stings you.
* * * LOW HITPOINT WARNING * * *
You bump into the rock wall.
You feel sick.
The killer bee stings you but does no damage.
You bump into the rock wall.
You feel your anger nearly subside.
You feel less invigorated.
You feel less confused.
You are no longer berserk.
You are exhausted.
You feel yourself slow down. The killer bee stings you.
* * * LOW HITPOINT WARNING * * *
You feel sick. The killer bee barely misses you. You furiously retaliate!
You headbutt the killer bee. The killer bee completely misses you.
You closely miss the killer bee. Your headbutt misses the killer bee.
The killer bee is severely wounded.
You feel sick.
You are no longer poisoned.
The killer bee closely misses you. You block the killer bee's attack.
The killer bee closely misses you. You furiously retaliate!
You headbutt the killer bee!
You kill the killer bee!
Okawaru accepts your kill.
You barely miss the ogre. Your headbutt misses the ogre.
You block the ogre's attack.
You closely miss the ogre. The ogre barely misses you.
You block the ogre's attack.
You slash the ogre!
The ogre is moderately wounded.
The ogre hits you with a +0 giant spiked club!!
You die...

###.....................
#...................#
#...................#.
#.......................
#..............(....###.
#...########+########
#...# #.# #...# #.#
#...# #@#
##...########O####
#................#
#.............##.......#
#............##..♣...♣..
#............#..........
######.......#.....♣....
#.......#..<.....>.
#########.....♣....


You could see an ogre.

Vanquished Creatures
  A scorpion (D:5)
  3 killer bees (D:5)
  Crazy Yiuf (D:2)
  Terence (D:2)
  A sleepcap (D:5)
  Natasha (thrice) (D:4)
  2 orc wizards
  Robin (D:2)
  5 adders
  A worm (D:2)
  12 orcs
  4 ball pythons
  5 bats
  11 endoplasms
  4 giant cockroaches
  17 goblins
  7 hobgoblins
  7 jackals
  9 kobolds
  6 quokkas
  3 frilled lizards
  4 rats
108 creatures vanquished.

Notes
Turn   | Place    | Note
-------+----------+-------------------------------------------
     0 | D:1      | Crownlay the Minotaur Fighter began the quest for the Orb.
     0 | D:1      | Reached XP level 1. HP: 19/19 MP: 0/0
   172 | D:1      | Reached XP level 2. HP: 27/27 MP: 1/1
   186 | D:1      | Reached skill level 3 in Axes
   669 | D:1      | Reached XP level 3. HP: 33/33 MP: 2/2
   885 | D:2      | Found a runed translucent door.
   886 | D:2      | Noticed Crazy Yiuf
   938 | D:2      | Noticed Terence
   944 | D:2      | Killed Terence
   945 | D:2      | Reached skill level 4 in Axes
   945 | D:2      | Reached XP level 4. HP: 29/41 MP: 3/3
  1001 | D:2      | Noticed Robin
  1019 | D:2      | Killed Robin
  1657 | D:2      | Killed Crazy Yiuf
  1658 | D:2      | Reached XP level 5. HP: 28/47 MP: 2/4
  1961 | D:3      | Reached skill level 5 in Axes
  2586 | D:4      | Reached skill level 5 in Fighting
  2586 | D:4      | Reached skill level 5 in Shields
  2784 | D:4      | Noticed Natasha
  2792 | D:4      | Killed Natasha
  2793 | D:4      | Reached XP level 6. HP: 44/56 MP: 5/5
  2835 | D:4      | Found a staircase to the Ecumenical Temple.
  2844 | Temple   | Entered the Ecumenical Temple
  2871 | Temple   | Became a worshipper of Warmaster Okawaru
  2947 | D:4      | Noticed Natasha
  2954 | D:4      | Killed Natasha
  3079 | D:4      | Noticed Natasha
  3084 | D:4      | Killed Natasha
  3108 | D:5      | Entered Level 5 of the Dungeon
  3116 | D:5      | Reached skill level 6 in Axes
  3133 | D:5      | Reached skill level 1 in Invocations
  3228 | D:5      | Reached XP level 7. HP: 34/61 MP: 5/7
  3235 | D:5      | Gained mutation: Your muscles are strong. (Str +4, Int/Dex
                  | -1) [potion of mutation]
  3235 | D:5      | Gained mutation: Your muscles are very strong. (Str +8,
                  | Int/Dex -2) [potion of mutation]
  3235 | D:5      | Gained mutation: You have a pair of large horns on your
                  | head. [potion of mutation]
  3247 | D:5      | Demolished by an ogre

Illustrated notes

Levels and vault maps discovered:
D:1:      zelgadis_glass_arrival_small, layout_loops_ring,
          roderic_three_in_a_row, kennysheep_minor_cross
D:2:      layout_loops_ring, uniq_robin, uniq_crazy_yiuf_cottage, uniq_terence
D:3:      layout_basic
D:4:      layout_rooms, minmay_temple_entry_statues_fountains,
          solitary_fountain, minivault_25, uniq_natasha
D:5:      layout_basic, mainiacjoe_overflow_concentric_impassable,
          grunt_ministairs_10, uniq_ijyb
Temple:   mainiacjoe_temple_cubbyholes

Skill      XL: |  1  2  3  4  5  6 |
---------------+-------------------+-----
Axes           | 3 4 5 6 |  6.7
Fighting       | 4 5 |  5.6
Shields        | 4 5 |  5.6
Invocations    | 1 |  1.6
Armour         | |  3.6

Action                     |  1- 3 |  4- 6 |  7- 9 || total
---------------------------+-------+-------+-------++-------
  Melee: War axe           |    64 |   141 |    10 ||   215
         Headbutt          |     3 |    18 |       ||    21
  Throw: Boomerang         |       |    32 |       ||    32
         Dart              |       |    20 |       ||    20
    Use: Potion            |       |     1 |     4 ||     5
 Armour: Scale mail        |    40 |   120 |    17 ||   177
  Dodge: Dodged            |    26 |    66 |    15 ||   107
  Block: Buckler           |    16 |    32 |     5 ||    53

Table legend: (Time is in decaauts)
 A = Elapsed time spent in this place.
 B = Non-inter-level travel time spent in this place.
 C = Inter-level travel time spent in this place.
 D = Time resting spent in this place.
 E = Time spent auto-exploring this place.
 F = Levels seen in this place.
 G = Mean time per level.
                   A        B        C        D        E       F      G
               +--------+--------+--------+--------+--------+-----+--------+
         Total |   3344 |   3028 |    316 |      0 |   2408 |   6 |  557.3 |
       Dungeon |   3292 |   3024 |    268 |      0 |   2408 |   5 |  658.4 |
        Temple |     51 |      3 |     48 |      0 |      0 |   1 |   51.0 |
               +--------+--------+--------+--------+--------+-----+--------+

Top non-repeatable levels by time:
     D:2: 1121 daAuts
     D:1: 781 daAuts
     D:3: 666 daAuts
     D:4: 576 daAuts
     D:5: 146 daAuts
  Temple: 51 daAuts
